Map: Deathaura LE

Players

lionarz

  • Race: Protoss Protoss
  • League: Silver
  • Spawn Location: 5:00

Throwfordays - Winner!

  • Race: Protoss Protoss
  • League: Silver
  • Spawn Location: 11:00

VOD

Have the link to the VOD?

Description

Time

  • Played on: July 17, 2020, 6:36 p.m.
  • Length: 9:03
Show
View Real Time Build Order
Export as new Build Order

lionarz Protoss 

Build Orders:  

Get SALT Encoding   

  12  0:01  Probe  
  13  0:13  Probe  
  14  0:19  Pylon  
  14  0:25  Probe  
  15  0:37  Probe  
  15  0:40  Gateway  
  16  0:49  Probe  
  17  1:05  Gateway  
  17  1:24  Probe  
  18  1:33  Cybernetics Core  
  18  1:36  Probe  
  19  1:48  Probe  
  20  2:00  Probe  
  20  2:01  Assimilator  
  20  2:12  Probe  
  21  2:24  Probe  
  21  2:25  Nexus  
  21  2:27  Pylon  
  22  2:31  Assimilator  
  22  2:47  Probe  
  23  2:58  Robotics Facility  
  23  3:00  Probe  
  23  3:03  Pylon  
  24  3:10  Stalker  
  26  3:20  Stalker  
  28  3:49  Immortal  
  32  4:00  Stalker x2  
  36  4:10  Pylon  
  36  4:11  Pylon  
  36  4:25  Gateway  
  36  4:29  Gateway  
  36  4:31  Gateway  
  36  4:48  Immortal  
  40  5:02  Warp Gate  
  40  5:23  Nexus  
  40  5:25  Pylon  
  40  5:50  Probe  
  41  6:00  Sentry  
  41  6:01  Gateway  
  41  6:02  Probe  
  41  6:03  Gateway  
  44  6:14  Probe  
  45  6:22  Shield Battery  
  45  6:27  Probe  
  46  6:38  Observer  
  46  6:39  Probe  
  48  6:47  Probe  
  49  6:51  Pylon, Probe  
  49  6:53  Pylon  
  50  6:59  Probe  
  51  7:02  Robotics Facility  
  51  7:03  Probe  
  51  7:07  Warp Prism  
  54  7:11  Probe  
  54  7:15  Probe  
  56  7:18  Pylon  
  56  7:21  Stalker x6  
  68  7:23  Probe  
  68  7:27  Probe  
  70  7:59  Observer  
Show
View Real Time Build Order
Export as new Build Order

Throwfordays Protoss - Winner!

Build Orders:  

Get SALT Encoding   

  1  0:00  Probe  
  13  0:07  Probe  
  14  0:18  Pylon  
  14  0:21  Probe  
  15  0:37  Forge  
  15  0:38  Probe  
  16  0:50  Probe  
  16  0:55  Pylon  
  17  1:07  Pylon  
  17  1:11  Probe  
  17  1:15  Gateway  
  18  1:26  Photon Cannon  
  17  2:14  Photon Cannon  
  17  2:19  Photon Cannon  
  17  2:20  Photon Cannon  
  17  2:24  Nexus  
  17  2:27  Gateway  
  17  2:38  Pylon  
  17  2:54  Photon Cannon  
  17  3:07  Photon Cannon  
  17  3:10  Probe  
  18  3:21  Photon Cannon  
  18  3:24  Photon Cannon  
  18  3:31  Probe  
  18  3:36  Probe  
  18  3:39  Probe  
  18  3:40  Assimilator  
  21  3:48  Probe  
  21  3:52  Probe  
  23  3:55  Cybernetics Core  
  23  3:59  Assimilator  
  23  4:04  Probe  
  23  4:05  Probe  
  25  4:14  Probe x2  
  26  4:20  Pylon  
  26  4:22  Probe  
  26  4:24  Probe  
  29  4:36  Probe  
  30  4:41  Pylon  
  30  4:42  Warp Gate  
  30  4:45  Probe  
  31  4:48  Assimilator, Probe  
  31  4:50  Assimilator  
  32  4:55  Probe  
  32  4:57  Probe  
  32  4:59  Pylon  
  33  5:03  Probe  
  33  5:05  Probe  
  34  5:13  Probe  
  36  5:14  Probe  
  38  5:21  Probe  
  38  5:23  Stargate  
  38  5:25  Stargate  
  38  5:26  Probe  
  40  5:31  Probe  
  41  5:38  Probe  
  42  5:43  Nexus  
  42  5:48  Probe  
  42  5:50  Probe  
  42  5:56  Probe  
  44  5:58  Probe  
  44  6:01  Void Ray  
  46  6:08  Void Ray  
  46  6:11  Assimilator  
  54  6:13  Assimilator  
  54  6:17  Stargate  
  54  6:26  Pylon  
  54  6:41  Void Ray  
  54  6:43  Pylon  
  54  6:45  Pylon  
  58  6:51  Void Ray  
  58  6:52  Probe  
  62  7:00  Probe  
  63  7:01  Void Ray  
  68  7:10  Probe  
  69  7:22  Probe  
  70  7:24  Void Ray  
  74  7:32  Unknown  
  74  7:34  Void Ray, Probe  
  74  7:35  Unknown  
  79  7:44  Void Ray  
  79  7:47  Probe  
  84  8:07  Void Ray, Probe  
  89  8:17  Void Ray  
  93  8:23  Pylon  
  93  8:24  Pylon  
  93  8:26  Pylon  
  93  8:40  Nexus  
  98  8:41  Probe  
Tags
 
Matchup
PvP
Replay Pack
Multiplayer
Spawn Locations
Cross Positions
Add a new tag
Caveats
  • Supply blocks, unpowered buildings, or Contaminate may cause inaccurate times.
  • Supply counts are checked every 10 seconds.